 Dungeon Crawl Stone Soup version 0.27-a0-661-gca034ae587 (webtiles) character file.

Game seed: 7172328998785353259

34 JoanKharjo the Vexing (level 3, -5/26 HPs)
             Began as a Human Arcane Marksman on Mar 17, 2021.
             Slain by a kobold
             ... wielding a +0 short sword
              (8 damage)
             ... on level 2 of the Dungeon.
             The game lasted 00:05:12 (1650 turns).

JoanKharjo the Vexing (Human Arcane Marksman)       Turns: 1650, Time: 00:05:13

Health: -5/26      AC:  2    Str: 10    XL:     3   Next: 50%
Magic:  3/4        EV: 12    Int: 14    God:
Gold:   47         SH:  0    Dex: 13    Spells: 1/4 levels left

rFire    . . .     SeeInvis .   f - +0 mace
rCold    + . .     Faith    .   (no shield)
rNeg     . . .     Spirit   .   e - +0 robe
rPois    .         Reflect  .   (no helmet)
rElec    .         Harm     .   (no cloak)
rCorr    .         Rampage  .   (no gloves)
Will     .....                  (no boots)
Stlth    +.........             (no amulet)
HPRegen  0.08/turn              I - ring of protection from cold
MPRegen  0.09/turn              (no ring)

@: no status effects
A: no striking features
a: no special abilities


You were on level 2 of the Dungeon.
You visited 1 branch of the dungeon, and saw 2 of its levels.

You collected 47 gold pieces.

Inventory:

Hand Weapons
 a - a +0 shortbow
 f - a +0 mace (weapon)
Missiles
 d - 39 arrows
Armour
 e - a +0 robe (worn)
Jewellery
 I - a ring of protection from cold (right hand)
 R - an amulet of regeneration
Scrolls
 b - 2 scrolls of amnesia {unknown}
 c - 3 scrolls of identify {unknown}
 g - a scroll of immolation {unknown}


   Skills:
 - Level 1.0 Fighting
 * Level 3.0 Bows
 - Level 2.0 Dodging
 - Level 1.0 Spellcasting
 + Level 3.6 Hexes


You had one spell level left.
You knew the following spells:

 Your Spells              Type           Power      Damage    Failure   Level
a - Corona                Hex            11%        N/A       6%          1
s - Slow                  Hex            10%        N/A       9%          2

Your spell library contained the following spells:

 Spells                   Type           Power      Damage    Failure   Level
 Inner Flame              Hex/Fire       5%         N/A       36%         3
 Portal Projectile        Hex/Tloc       10%        N/A       36%         3
 Cause Fear               Hex            5%         N/A       52%         4
 Leda's Liquefaction      Hex/Erth       2%         N/A       77%         4


Dungeon Overview and Level Annotations

Branches:
Dungeon (2/15)

Altars:


Message History

You now have 2/4 mp.
Fire: 45 arrows
Aim: a kobold, wielding a +0 short sword (slow, 50% to hit)
You shoot an arrow. The arrow barely misses the kobold.
The arrow hits the hobgoblin.
Fire: 44 arrows
Aim: a kobold, wielding a +0 short sword (slow, 50% to hit)
You shoot an arrow. The arrow hits the kobold.
Fire: 43 arrows
Aim: a kobold, wielding a +0 short sword (severely wounded, slow, 50% to hit)
You shoot an arrow. The arrow closely misses the kobold.
The arrow hits the hobgoblin!
You kill the hobgoblin!
Fire: 42 arrows
Aim: a kobold, wielding a +0 short sword (severely wounded, slow, 50% to hit)
You shoot an arrow. The arrow barely misses the kobold. x2
The kobold misses you.
Fire: 41 arrows
Aim: a kobold, wielding a +0 short sword (severely wounded, slow, 50% to hit)
You shoot an arrow. The arrow closely misses the kobold.
The arrow hits the kobold.
The kobold barely misses you.
Fire: 40 arrows
Aim: a kobold, wielding a +0 short sword (severely wounded, slow, 50% to hit)
You shoot an arrow. The arrow closely misses the kobold.
The arrow hits the kobold.
You kill the kobold!
f - a +0 mace (weapon)
The kobold hits you with a +0 short sword.
* * * LOW HITPOINT WARNING * * *
You take 5 damage, and have 12/26 hp.
You closely miss the kobold.
The kobold hits you with a +0 short sword!
* * * LOW HITPOINT WARNING * * *
You take 9 damage, and have 3/26 hp.
MASSIVE DAMAGE!!
Unknown command.
You barely miss the kobold.
The kobold hits you with a +0 short sword!
You die...

######.........
.......รท..#####
######...##
##.##########
#...........
#.....#####
#.....# #.....#
####@## #K# #)#
#$# #.# #(# #.#
#(# #.#


You could see a kobold (slow).

Levels and vault maps discovered:
D:1:      dpeg_arrival_arbitrary_c, layout_loops_cross
D:2:      layout_loops_ring

Notes
Turn   | Place    | Note
-------+----------+-------------------------------------------
     0 | D:1      | JoanKharjo the Human Arcane Marksman began the quest for
                  | the Orb.
     0 | D:1      | Reached XP level 1. HP: 15/15 MP: 2/2
   148 | D:1      | Identified a ring of protection from cold
   199 | D:1      | Identified a +0 ring mail
   253 | D:1      | Identified a +0 club
   256 | D:1      | Reached XP level 2. HP: 21/21 MP: 1/3
   259 | D:1      | Learned a level 2 spell: Slow
   396 | D:1      | Identified a +0 mace
   427 | D:1      | Identified a +0 club
   442 | D:1      | HP: 5/21 [hobgoblin/+0 club (8)]
   453 | D:1      | HP: 5/21 [hobgoblin/+0 club (1)]
   490 | D:1      | Identified a +0 shortbow
   993 | D:1      | Identified a +0 club
   993 | D:1      | Identified a +0 whip
  1003 | D:1      | Reached XP level 3. HP: 18/26 MP: 4/4
  1518 | D:2      | Identified a +0 scale mail
  1542 | D:2      | Reached skill level 3 in Bows
  1562 | D:2      | Identified an amulet of regeneration
  1579 | D:2      | Identified a +0 short sword
  1588 | D:2      | Identified a +0 whip
  1649 | D:2      | HP: 3/26 [kobold/+0 short sword (9)]
  1650 | D:2      | Slain by a kobold

Table legend: (Time is in decaauts)
 A = Elapsed time spent in this place.
 B = Non-inter-level travel time spent in this place.
 C = Inter-level travel time spent in this place.
 D = Time resting spent in this place.
 E = Time spent auto-exploring this place.
 F = Levels seen in this place.
 G = Mean time per level.
                   A        B        C        D        E       F      G
               +--------+--------+--------+--------+--------+-----+--------+
         Total |   1664 |   1640 |     24 |     61 |   1278 |   2 |  832.0 |
       Dungeon |   1664 |   1640 |     24 |     61 |   1278 |   2 |  832.0 |
               +--------+--------+--------+--------+--------+-----+--------+

Top non-repeatable levels by time:
     D:1: 1341 daAuts
     D:2: 322 daAuts

Table legend:
 A = Kills in this place as a percentage of kills in entire the game.
 B = Kills by you in this place as a percentage of kills by you in the entire game.
 C = Kills by friends in this place as a percentage of kills by friends in the entire game.
 D = Other kills in this place as a percentage of other kills in the entire game.
 E = Experience gained in this place as a percentage of experience gained in the entire game.
 F = Experience gained in this place divided by the number of levels of this place that you have seen.
                   A       B       C       D       E      F
               +-------+-------+-------+-------+-------+----------------------
         Total | 100.0 | 100.0 |   N/A |   N/A | 100.0 |  24.5
       Dungeon | 100.0 | 100.0 |   N/A |   N/A | 100.0 |  24.5
               +-------+-------+-------+-------+-------+----------------------

Skill      XL: |  1  2  3 |
---------------+----------+-----
Bows           | 3 |  3.0
Fighting       | |  1.0
Dodging        | |  2.0
Spellcasting   | |  1.0
Hexes          | |  3.6

Action                   || total
-------------------------++-------
Melee: Mace              ||    30
 Fire: Shortbow          ||    48
 Cast: Corona            ||    16
       Slow              ||     3
Armor: Robe              ||     7
Dodge: Dodged            ||    24

Vanquished Creatures
  An ooze (D:1)
  2 worms (D:2)
  A dart slug (D:1)
  A goblin (D:1)
  4 hobgoblins
  5 kobolds
  3 bats (D:1)
  A frilled lizard (D:1)
  5 rats
23 creatures vanquished.
